 Dungeon Crawl Stone Soup version 0.31-a0-237-g2d982f9f85 (webtiles) character file.

Game seed: 10865038445636534493

90 qw the Shooter (level 4, -8/36 HPs)
             Began as a Minotaur Hexslinger on July 11, 2023.
             Mangled by an ogre
             ... wielding a +0 giant club
              (27 damage)
             ... on level 3 of the Dungeon.
             The game lasted 00:00:38 (1590 turns).

qw the Shooter (Minotaur Hexslinger)                Turns: 1590, Time: 00:00:39

Health: -8/36      AC:  3    Str: 13    XL:     4   Next: 32%
Magic:  4/4        EV: 12    Int: 10    God:
Gold:   74         SH:  0    Dex: 14    Spells: 4/5 levels left

rFire   . . .        Y - +2 sling
rCold   . . .        (no shield)
rNeg    . . .        h - +0 leather armour
rPois   .            (helmet restricted)
rElec   .            (no cloak)
rCorr   .            (no gloves)
SInv    .            (no boots)
Will    .....        (no amulet)
Stlth   +            (no ring)
HPRegen 0.26/turn    (no ring)
MPRegen 0.09/turn

%: no passive effects
@: no status effects
A: horns 2, retaliatory headbutt
a: no special abilities


You were on level 3 of the Dungeon.
You visited 1 branch of the dungeon, and saw 3 of its levels.

You collected 74 gold pieces.


Innate Abilities, Weirdness & Mutations

You have a pair of horns on your head.
You reflexively headbutt those who attack you in melee.


   Skills:
 - Level 2.0 Fighting
 + Level 4.9 Ranged Weapons
 - Level 2.1 Dodging
 - Level 1.0 Spellcasting
 - Level 2.0 Hexes


You had 4 spell levels left.
You knew the following spells:

 Your Spells              Type           Power      Damage    Failure   Level
a - Slow                  Hex            16%        N/A       19%         1

Your spell library contained the following spells:

 Spells                   Type           Power      Damage    Failure   Level
 Inner Flame              Hex/Fire       2%         N/A       65%         3
 Portal Projectile        Hex/Tloc       4%         N/A       65%         3
 Cause Fear               Hex            2%         N/A       88%         4

Inventory:

Hand Weapons
 Y - a +2 sling (weapon)
Armour
 h - a +0 leather armour (worn)
Jewellery
 e - a ring of ice
 f - a ring of fire
Potions
 d - 3 potions of enlightenment
 g - a potion of cancellation {unknown}
 i - a potion of curing {unknown}
 j - a potion of lignification {unknown}

Dungeon Overview and Level Annotations

Branches:
Dungeon (3/15)

Altars:


Message History

The orc closely misses you. You furiously retaliate!
You headbutt the orc!
You kill the orc!
You shoot a sling bullet. The sling bullet barely misses the orc.
The orc closely misses you. You furiously retaliate!
You headbutt the orc. You shoot a sling bullet. The sling bullet hits the orc.
You kill the orc!
You shoot a sling bullet.
The sling bullet hits the giant cockroach but does no damage.
The giant cockroach barely misses you. x2
You shoot a sling bullet.
The sling bullet hits the giant cockroach.
You kill the giant cockroach!
Items here: % )) [.
You see here a +0 hand axe.
You see here a +0 hand axe.
A hobgoblin comes into view.
You shoot a sling bullet. The sling bullet hits the hobgoblin.
The hobgoblin is almost dead.
An ogre comes into view. It is wielding a +0 giant club.
You shoot a sling bullet. The ogre shouts!
The sling bullet hits the hobgoblin.
You kill the hobgoblin!
You shoot a sling bullet. The sling bullet hits the ogre.
The ogre is moderately wounded.
You shoot a sling bullet. The sling bullet hits the ogre.
The ogre is moderately wounded.
You shoot a sling bullet. The sling bullet hits the ogre.
The ogre is heavily wounded.
You shoot a sling bullet. The sling bullet hits the ogre.
The ogre is heavily wounded.
You shoot a sling bullet.
The sling bullet completely misses the ogre.
The ogre hits you with a +0 giant club!!
Ouch! That really hurt!
You shoot a sling bullet. The sling bullet hits the ogre.
The ogre is severely wounded.
The ogre hits you with a +0 giant club!!
Ouch! That really hurt!
You die...

#.# #.####.
..#
###.###.##.#.
..#
#.....).##.#.
. #.#
##.########.%.
#.# #.# #..#
#<...#.
#.$###.# #.##
######.
#....###.# ##
#.#O.##).#
#..)@.))##
#...###.#### #
#.# ..# ..##
###


You could see an ogre.

Vanquished Creatures
  2 adders
  2 dart slugs (D:1)
  5 orcs (D:3)
  10 ball pythons
  2 endoplasms (D:1)
  3 giant cockroaches
  7 goblins
  7 hobgoblins
  3 jackals (D:1)
  5 kobolds
  6 bats
  2 frilled lizards
  2 rats
56 creatures vanquished.

Notes
Turn   | Place    | Note
-------+----------+-------------------------------------------
     0 | D:1      | qw the Minotaur Hexslinger began the quest for the Orb.
     0 | D:1      | Reached XP level 1. HP: 16/16 MP: 1/1
     0 | D:1      | 0 ||| qw: Version: 0.3-a-52-g30416fa
     0 | D:1      | 0 ||| qw: Game counter: 5613
     0 | D:1      | 0 ||| qw: Melee chars always use a shield: true
     0 | D:1      | 0 ||| qw: God list: Okawaru
     0 | D:1      | 0 ||| qw: Allow faded altars: false
     0 | D:1      | 0 ||| qw: Do Orc after clearing Dungeon:15 true
     0 | D:1      | 0 ||| qw: Do second Lair branch before Depths: true
     0 | D:1      | 0 ||| qw: Lair rune preference: random
     0 | D:1      | 0 ||| qw: Goals: Normal
     0 | D:1      | 0 ||| PLANNING D:1-11
   239 | D:1      | Reached skill level 3 in Ranged Weapons
   239 | D:1      | Reached XP level 2. HP: 23/23 MP: 2/2
   539 | D:1      | Reached XP level 3. HP: 28/29 MP: 3/3
   671 | D:1      | Found a faded altar of an unknown god.
   782 | D:1      | You fall into a shaft and drop 1 floor!
   807 | D:2      | 807 ||| READING scroll labelled POEGUCYNUNK.
   808 | D:2      | 808 ||| READING scroll labelled BINUT LAPNI.
   909 | D:2      | 909 ||| DRINKING 4 purple potions.
   910 | D:2      | 910 ||| DROPPING scroll of poison.
  1029 | D:2      | 1029 ||| STAIRDANCE
  1032 | D:1      | Reached skill level 4 in Ranged Weapons
  1045 | D:2      | 1045 ||| STAIRDANCE
  1078 | D:2      | 1078 ||| STAIRDANCE
  1252 | D:2      | Reached XP level 4. HP: 33/36 MP: 4/4
  1487 | D:2      | 1487 ||| UPGRADING to +0 leather armour.
  1497 | D:2      | 1497 ||| DROPPING +0 robe.
  1498 | D:2      | 1498 ||| READING scroll labelled TAHICK DERAOPH.
  1499 | D:2      | 1499 ||| READING scroll labelled VES KUSAPIHEK.
  1500 | D:2      | 1500 ||| READING scroll labelled IKHIHA CYPSEA.
  1583 | D:3      | Noticed an ogre
  1590 | D:3      | Mangled by an ogre

Levels and vault maps discovered:
D:1:      dpeg_arrival_simpleton_a, layout_loops_ring,
          chequers_ecumenical_altar_twisty, amcnicky_mini_corridor_feature
D:2:      layout_rooms
D:3:      layout_basic, serial_bayou, serial_bayou_pond_b, serial_bayou_pond_e,
          serial_bayou_pond_b, serial_bayou_shore_a,
          minmay_misc_feat_four_crosses, minmay_starry_boxes

Skill      XL: |  1  2  3 |
---------------+----------+-----
Ranged Weapons | 3 4 |  4.9
Fighting       | 2 |  2.0
Dodging        | |  2.1
Spellcasting   | |  1.0
Hexes          | |  2.0

Action                     |  1- 3 |  4- 6 || total
---------------------------+-------+-------++-------
   Fire: Sling             |   122 |    32 ||   154
    Use: Scroll            |     2 |     3 ||     5
         Potion            |     1 |       ||     1
 Armour: Robe              |    10 |       ||    10
  Dodge: Dodged            |    34 |     5 ||    39

Table legend:
 A = Non-vault XP
 B = Vault XP
 C = Vault XP percentage of total XP
 D = Non-vault monster count
 E = Vault monster count
 F = Vault count percentage of total count
                 A         B        C        D         E       F
            +---------+---------+-------+---------+---------+-------
      Total |     125 |       4 |   3.1 |      54 |       2 |   3.6
            +---------+---------+-------+---------+---------+-------
        D:1 |      68 |       0 |   0.0 |      29 |       0 |   0.0
        D:2 |      40 |       0 |   0.0 |      18 |       0 |   0.0
        D:3 |      17 |       4 |  19.0 |       7 |       2 |  22.2
            +---------+---------+-------+---------+---------+-------
